 Dungeon Crawl Stone Soup version 0.22-a0-803-gd6d8abe (webtiles) character file.

71943 Kuinu the Thaumaturge (level 14, -7/83 HPs)
             Began as a Purple Draconian Fire Elementalist on July 21, 2018.
             Was a High Priest of Vehumet.
             Mangled by Saint Roka
             ... wielding a +2 great sword of electrocution
              (28 damage)
             ... on level 2 of the Orcish Mines on July 22, 2018.
             The game lasted 02:53:25 (35957 turns).

Kuinu the Thaumaturge (DrFE)                       Turns: 35957, Time: 02:53:26

Health: -7/83      AC: 14    Str: 10    XL:     14   Next: 99%
Magic:  1/14       EV: 21    Int: 25    God:    Vehumet [*****.]
Gold:   1455       SH:  2    Dex: 13    Spells: 8/41 levels left

rFire    . . .     SeeInvis .   a - +3 lajatang (antimagic)
rCold    . . .     Gourm    .   (shield currently unavailable)
rNeg     . . .     Faith    .   (armour unavailable)
rPois    .         Spirit   .   m - +3 hat of Pondering {ponderous, MR+ MP+10 Int+5}
rElec    .         Reflect  +   G - +1 cloak
rCorr    .         Harm     .   c - +0 pair of gloves
MR       +++..                  (no boots)
Stlth    ++++......             Z - +2 amulet of reflection
HPRegen  0.23/turn              u - +4 ring of evasion
MPRegen  0.14/turn              W - ring of wizardry

@: flying, slow
A: breathe power, unfitting armour, big wings, frail 1, cold-blooded, AC +8
a: Breathe Dispelling Energy, Stop Flying, Renounce Religion


You were on level 2 of the Orcish Mines.
You worshipped Vehumet.
Vehumet was extremely pleased with you.
You were full.

You visited 3 branches of the dungeon, and saw 20 of its levels.
You also visited: Sewer.

You collected 2083 gold pieces.
You spent 628 gold pieces at shops.

Inventory:

Hand Weapons
 a - a +3 antimagic lajatang (weapon)
 h - a +3 quarterstaff of chaos
Armour
 c - a +0 pair of gloves (worn)
 m - the +3 hat of Pondering (worn) {ponderous, MR+ MP+10 Int+5}
   (You took it off Gastronok on level 3 of the Lair of Beasts)

   It affects your intelligence (+5).
   It affects your resistance to hostile enchantments.
   It affects your magic capacity (+10).
 G - a +1 cloak (worn)
Magical Staves
 F - an uncursed staff of air
 I - an uncursed staff of fire
 U - an uncursed staff of conjuration
Jewellery
 f - an uncursed ring of ice
 q - a +3 ring of dexterity
 r - an uncursed ring of protection from fire
 u - a +4 ring of evasion (left hand)
 v - an uncursed ring of stealth
 w - a +3 ring of dexterity
 x - an uncursed ring of fire
 B - an uncursed ring of positive energy
 L - an uncursed amulet of guardian spirit
 Q - an uncursed ring of protection from cold
 W - a ring of wizardry (right hand)
 Z - a +2 amulet of reflection (around neck)
Wands
 e - a wand of flame (16)
 p - a wand of acid (6)
 s - a wand of digging (5)
 C - a wand of polymorph (14)
 N - a wand of disintegration (26)
 O - a wand of enslavement (17)
 P - a wand of iceblast (37)
 S - a wand of scattershot (7)
 V - a wand of paralysis (20)
Scrolls
 i - a scroll of immolation {unknown}
 j - 11 scrolls of remove curse
 n - 2 scrolls of magic mapping
 o - 5 scrolls of enchant armour
 t - a scroll of brand weapon {unknown}
 y - 5 scrolls of amnesia
 D - 3 scrolls of silence
 E - a scroll of holy word {unknown}
 J - a scroll of summoning {unknown}
 K - 3 scrolls of vulnerability {unknown}
 T - 2 scrolls of enchant weapon {unknown}
Potions
 d - 6 potions of brilliance
 k - 2 potions of agility
 l - a potion of cancellation {unknown}
 z - 4 potions of lignification
 A - 5 potions of might
 R - 3 potions of flight
Miscellaneous
 M - a box of beasts
Comestibles
 b - 29 rations


   Skills:
 + Level 9.1 Dodging
 + Level 9.7 Stealth
 * Level 14.4 Spellcasting
 * Level 13.1 Conjurations
 + Level 3.5 Hexes
 * Level 13.6 Fire Magic


You had 8 spell levels left.
You knew the following spells:

 Your Spells              Type           Power        Failure   Level  Hunger
a - Flame Tongue          Conj/Fire      #####        0%          1    None
b - Throw Flame           Conj/Fire      ######       0%          2    None
c - Conjure Flame         Conj/Fire      ######..     1%          3    None
d - Magic Dart            Conj           ####         0%          1    None
e - Fireball              Conj/Fire      ######....   1%          5    ##.....
f - Sticky Flame          Conj/Fire      ######..     1%          4    None
g - Confuse               Hex            #####...     1%          3    None
h - Confusing Touch       Hex            #####.       1%          1    None
i - Throw Frost           Conj/Ice       ######       1%          2    None
j - Bolt of Fire          Conj/Fire      ######....   1%          6    ####...
k - Bolt of Magma         Conj/Fire/Erth ######....   1%          5    ##.....

Your spell library contained the following spells:

 Spells                   Type           Power        Failure   Level  Hunger
 Freezing Cloud           Conj/Ice/Air   #####.....   10%         6    ####...
 Mephitic Cloud           Conj/Pois/Air  #####...     1%          3    None
 Ring of Flames           Chrm/Fire      ######....   52%         7    ######.
 Tukima's Dance           Hex            #####...     1%          3    None
 Ensorcelled Hibernation  Hex/Ice        ####..       1%          2    None
 Metabolic Englaciation   Hex/Ice        ####......   16%         5    ##.....
 Corona                   Hex            #####..      1%          1    None
 Petrify                  Tmut/Erth      ###.....     12%         4    None
 Inner Flame              Hex/Fire       ######..     1%          3    None
 Dazzling Spray           Conj/Hex       ######       1%          3    None
 Gell's Gravitas          Tloc           ###.......   4%          3    None
 Yara's Violent Unravell  Hex/Tmut       ####......   4%          5    ##.....
 Poisonous Vapours        Pois/Air       ###...       1%          2    None


Dungeon Overview and Level Annotations

Branches:
Dungeon (12/15)            Temple (0/1) D:5            Lair (6/6) D:9
  Swamp (0/4) Lair:2        Snake (0/4) Lair:4        Slime (0/5) Lair:5
    Orc (2/2) D:11            Elf (0/3) Orc:2

Altars:
Ashenzari
Elyvilon
Fedhas
Ru
Uskayaw
Vehumet
Wu Jian
Jiyva

Shops:
D:8 (   D:9 (   D:10 %}?[

Annotations:
D:4 Sigmund
Lair:5 2 runed doors, Gaball's ghost, journeyman GnAM
Orc:2 Saint Roka


Innate Abilities, Weirdness & Mutations

You can breathe bolts of dispelling energy.
Your rich purple scales are hard. (AC +8)
You cannot fit into any form of body armour.
You are cold-blooded and may be slowed by cold attacks.
Your large and strong wings let you fly indefinitely.
You are frail. (-10% HP)


Message History

Saint Roka is heavily wounded.
Saint Roka is engulfed in blazing flames.
Saint Roka hits you but does no damage.
You hit Saint Roka.
Saint Roka is heavily wounded.
Saint Roka is engulfed in blazing flames.
Saint Roka hits you with a great sword of electrocution.
You slash Saint Roka!
Saint Roka is heavily wounded.
Saint Roka is engulfed in blazing flames.
Saint Roka hits you with a great sword of electrocution!
You hit Saint Roka.
Saint Roka is heavily wounded.
Saint Roka is engulfed in blazing flames.
Saint Roka calls down the wrath of Beogh upon you.
Beogh smites you!
* * * LOW HITPOINT WARNING * * *
Saint Roka is engulfed in blazing flames.
Saint Roka hits you with a great sword of electrocution!!
You die...

##.#....).)........
##..................
##.#.................
#................>... ####
##..........#........ . ##..##
##........#......... ..#####....#
###.................
...)8..#..####.##................
.).).)3)...##))o@................
...).)))...).).#....#............
...)))[.))....##...####..........
.)).8..#.#...##....#####.........
..#########.####..<..#...........
. ### ###...............
###............. #...........)).
##.#.........#.


You could see Saint Roka.

Vanquished Creatures
  Gastronok (Lair:3)
  2 dire elephants (Lair:6)
  Harold (Lair:4)
  8 hydras
  3 two-headed ogres
  An anaconda (Lair:6)
  A centaur warrior (D:10)
  3 death yaks (D:9)
  A death knight (D:12)
  Nergalle (Lair:2)
  Sonja (D:12)
  An orc high priest (Orc:2)
  7 orc knights
  4 cyclopes
  An ugly thing (D:12)
  5 orc sorcerers (Orc:2)
  A deep elf mage (D:10)
  14 elephants
  2 centaur zombies (D:10)
  3 black mambas
  Psyche (D:10)
  A torpor snail (Lair:4)
  2 gargoyles
  13 spiny frogs
  2 rime drakes
  7 komodo dragons
  6 trolls
  11 hippogriffs
  8 dream sheep
  8 slime creatures
  18 blink frogs
  54 yaks
  Eustachio (D:5)
  A wraith (D:10)
  3 wyverns
  A fire elemental (Lair:5)
  3 basilisks
  A steam dragon (D:11)
  A hungry ghost (D:9)
  2 insubstantial wisps (Lair:2)
  20 wargs
  Menkaure (D:5)
  A soldier ant (D:10)
  2 nagas (Lair:4)
  Duvessa (D:4)
  An acid dragon (D:12)
  6 porcupines
  16 water moccasins
  20 orc warriors
  3 ice beasts
  6 sky beasts
  A phantom (D:7)
  A necrophage (D:6)
  9 ogres
  4 centaurs
  6 wolves (Lair:3)
  7 crocodiles
  6 big kobolds
  10 bullfrogs
  Dowan (D:4)
  8 scorpions
  10 killer bees
  2 electric eels
  4 wights
  A howler monkey (D:6)
  A lava snake (Lair:5)
  5 crimson imps
  4 jellies
  2 bullfrog skeletons
  9 orc priests
  Crazy Yiuf (D:7)
  A gnoll shaman (D:7)
  5 hounds
  3 centaur skeletons
  18 orc wizards
  Ijyb (D:5)
  3 iguanas
  10 worker ants
  A hound zombie (D:5)
  3 hound skeletons
  A worker ant zombie (D:7)
  4 gnolls
  14 adders
  A river rat (D:4)
  A shadow imp (D:6)
  3 adder skeletons
  5 leopard geckos
  100 orcs
  5 bats
  16 giant cockroaches
  4 goblins
  5 hobgoblins
  11 jackals
  2 quokkas
  6 ball pythons
  7 frilled lizards
  14 kobolds
  A leopard gecko zombie (D:5)
  2 quokka skeletons
  4 rats
  A bush (Lair:4)
  4 fungi
  9 plants
639 creatures vanquished.

Vanquished Creatures (others)
  A bush (Lair:6)
  23 fungi
  16 plants
40 creatures vanquished.

Grand Total: 679 creatures vanquished

Notes
Turn   | Place    | Note
-------+----------+-------------------------------------------
     0 | D:1      | Kuinu the Draconian Fire Elementalist began the quest for the Orb.
     0 | D:1      | Reached XP level 1. HP: 14/14 MP: 3/3
   488 | D:1      | Reached XP level 2. HP: 2/20 MP: 0/5
   489 | D:1      | HP: 1/20 [jackal (1)]
   980 | D:1      | Learned a level 2 spell: Throw Flame
  2184 | D:2      | Found a radiant altar of Vehumet.
  2198 | D:2      | Became a worshipper of Vehumet
  2314 | D:2      | Found a shattered altar of Ashenzari.
  2375 | D:2      | Reached XP level 3. HP: 26/26 MP: 1/6
  2767 | D:3      | Found a sacrificial altar of Ru.
  2769 | D:3      | Found an ornate altar of the Wu Jian Council.
  2769 | D:3      | Found a blossoming altar of Fedhas.
  4288 | D:4      | Found a glowing drain.
  4320 | D:4      | Reached XP level 4. HP: 11/33 MP: 1/7
  4353 | Sewer    | Entered a sewer
  5156 | Sewer    | Learned a level 3 spell: Conjure Flame
  5303 | Sewer    | Reached * piety under Vehumet
  5303 | Sewer    | Offered knowledge of Magic Dart by Vehumet.
  5309 | Sewer    | Learned a level 1 spell: Magic Dart
  5502 | Sewer    | Noticed a bullfrog
  5869 | Sewer    | HP: 1/33 [bullfrog (9)]
  5870 | Sewer    | Gained mutation: You are frail. (-10% HP) [potion of mutation]
  5870 | Sewer    | Gained mutation: Your large and strong wings let you fly indefinitely. [potion of mutation]
  5904 | Sewer    | Killed a bullfrog
  5904 | Sewer    | Reached skill level 3 in Spellcasting
  5904 | Sewer    | Reached XP level 5. HP: 32/34 MP: 0/9
  6264 | D:4      | Reached XP level 6. HP: 24/40 MP: 0/11
  6924 | D:4      | Reached skill level 4 in Spellcasting
  7198 | D:4      | Your scales start taking on a rich purple colour.
  7198 | D:4      | Reached XP level 7. HP: 45/45 MP: 8/14
  7214 | D:4      | Reached skill level 5 in Fire Magic
  7883 | D:4      | Reached skill level 5 in Spellcasting
  8055 | D:4      | Noticed Sigmund
  8095 | D:4      | Noticed Dowan
  8097 | D:4      | Noticed Duvessa
  8266 | D:4      | Killed Duvessa
  8281 | D:4      | Killed Dowan
  8446 | D:5      | Entered Level 5 of the Dungeon
  8446 | D:5      | Found a staircase to the Ecumenical Temple.
  8717 | D:5      | Reached XP level 8. HP: 51/51 MP: 3/16
  9156 | D:5      | Noticed Eustachio
  9197 | D:5      | Killed Eustachio
  9197 | D:5      | Reached skill level 6 in Spellcasting
  9626 | D:5      | Noticed Ijyb
  9629 | D:5      | Killed Ijyb
  9930 | D:5      | Reached ** piety under Vehumet
  9947 | D:5      | Noticed Menkaure
  9951 | D:5      | Killed Menkaure
  9951 | D:5      | Offered knowledge of Sandblast by Vehumet.
 10688 | D:6      | Reached skill level 5 in Conjurations
 11068 | D:6      | Reached skill level 7 in Spellcasting
 11160 | D:6      | Reached XP level 9. HP: 55/55 MP: 9/19
 12270 | D:7      | Learned a level 5 spell: Fireball
 12275 | D:7      | Learned a level 4 spell: Sticky Flame
 12279 | D:7      | Learned a level 3 spell: Confuse
 12281 | D:7      | Learned a level 1 spell: Confusing Touch
 12409 | D:7      | Found a runed door.
 13109 | D:7      | Offered knowledge of Throw Frost by Vehumet.
 13113 | D:7      | Learned a level 2 spell: Throw Frost
 13220 | D:7      | Found a white marble altar of Elyvilon.
 13320 | D:7      | Noticed Crazy Yiuf
 13326 | D:7      | Killed Crazy Yiuf
 13617 | D:8      | Reached skill level 5 in Stealth
 13635 | D:8      | Reached *** piety under Vehumet
 13635 | D:8      | Reached skill level 8 in Spellcasting
 13994 | D:8      | Found Vimno's Antique Weapon Shoppe.
 14172 | D:8      | Reached skill level 5 in Dodging
 14184 | D:8      | Reached XP level 10. HP: 62/62 MP: 5/22
 14293 | D:8      | Noticed a three-headed hydra
 14551 | D:8      | Killed a three-headed hydra
 14676 | D:8      | Noticed a two-headed ogre
 14693 | D:8      | Killed a two-headed ogre
 14693 | D:8      | Reached skill level 9 in Spellcasting
 14868 | D:9      | Found a staircase to the Lair.
 14868 | D:9      | Noticed a death yak
 14869 | D:9      | Noticed a death yak
 15367 | D:9      | Offered knowledge of Ignite Poison by Vehumet.
 15371 | D:9      | Noticed an orc knight
 15544 | D:9      | Noticed a death yak
 15556 | D:9      | Killed a death yak
 15556 | D:9      | Reached XP level 11. HP: 52/66 MP: 6/24
 15557 | D:9      | Killed a death yak
 15557 | D:9      | Reached skill level 10 in Spellcasting
 15563 | D:9      | Killed a death yak
 15918 | D:9      | Reached **** piety under Vehumet
 16005 | D:9      | Found a hide-covered altar of Uskayaw.
 16047 | D:9      | Found Nucyd's Weapon Boutique.
 16279 | D:9      | Killed an orc knight
 16430 | D:9      | Offered knowledge of Lightning Bolt by Vehumet.
 16970 | D:9      | Noticed an orc knight
 16979 | D:9      | Killed an orc knight
 17107 | D:10     | Entered Level 10 of the Dungeon
 17113 | D:10     | Reached skill level 10 in Fire Magic
 17275 | D:9      | Noticed an orc knight
 17293 | D:9      | Killed an orc knight
 17670 | D:10     | Noticed Psyche
 17890 | D:10     | Noticed a centaur warrior
 18260 | D:10     | Found Geseriur's Food Boutique.
 18297 | D:10     | Reached ***** piety under Vehumet
 18551 | D:10     | Offered knowledge of Bolt of Fire by Vehumet.
 18559 | D:10     | Learned a level 6 spell: Bolt of Fire
 18566 | D:10     | Killed a centaur warrior
 18566 | D:10     | Reached skill level 11 in Spellcasting
 18713 | D:10     | Noticed a two-headed ogre
 18716 | D:10     | Reached XP level 12. HP: 72/72 MP: 18/27
 18732 | D:10     | Killed a two-headed ogre
 19294 | D:10     | Reached skill level 10 in Conjurations
 19483 | D:10     | Found Bileig's Magic Scroll Shop.
 19484 | D:10     | Found Vitem's Armour Boutique.
 19487 | D:10     | Killed Psyche
 19547 | D:10     | Found Jacatare's Gadget Boutique.
 19566 | D:10     | Bought a scroll of identify for 28 gold pieces
 19825 | D:10     | Bought a ration for 60 gold pieces
 19825 | D:10     | Bought a ration for 60 gold pieces
 19825 | D:10     | Bought a ration for 60 gold pieces
 19825 | D:10     | Bought a ration for 60 gold pieces
 19825 | D:10     | Bought a ration for 60 gold pieces
 19825 | D:10     | Bought a ration for 60 gold pieces
 19825 | D:10     | Bought a ration for 60 gold pieces
 19825 | D:10     | Bought a ration for 60 gold pieces
 19825 | D:10     | Bought a ration for 60 gold pieces
 19825 | D:10     | Bought a ration for 60 gold pieces
 20160 | D:11     | Noticed a seven-headed hydra
 20172 | D:11     | Killed a seven-headed hydra
 20363 | D:11     | Found a staircase to the Orcish Mines.
 20587 | D:11     | Noticed a two-headed ogre
 20613 | D:11     | Killed a two-headed ogre
 21389 | D:12     | Reached skill level 12 in Spellcasting
 21971 | D:12     | Noticed Sonja
 21986 | D:12     | Killed Sonja
 22005 | D:12     | Noticed a death knight
 22271 | D:12     | Killed a death knight
 22752 | D:12     | Reached XP level 13. HP: 77/77 MP: 17/29
 23544 | Lair:1   | Entered Level 1 of the Lair of Beasts
 25112 | Lair:2   | Noticed Nergalle
 25125 | Lair:2   | Killed Nergalle
 25238 | Lair:2   | Offered knowledge of Olgreb's Toxic Radiance by Vehumet.
 26008 | Lair:2   | Found a staircase to the Swamp.
 26823 | Lair:3   | Noticed Gastronok
 26835 | Lair:3   | Killed Gastronok
 26835 | Lair:3   | Reached skill level 13 in Spellcasting
 27923 | Lair:4   | Noticed Harold
 27950 | Lair:4   | Killed Harold
 28575 | Lair:4   | Found a sacrificial altar of Ru.
 28613 | Lair:4   | Reached XP level 14. HP: 83/83 MP: 6/31
 28637 | Lair:4   | Offered knowledge of Iron Shot by Vehumet.
 28960 | Lair:4   | Found a staircase to the Snake Pit.
 30148 | Lair:5   | Reached skill level 1 in Hexes
 30492 | Lair:5   | Found a large runed door.
 30492 | Lair:5   | Found a large runed door.
 30807 | Lair:5   | Found a viscous altar of Jiyva.
 30807 | Lair:5   | Found a staircase to the Slime Pits.
 30828 | Lair:5   | Noticed Gaball's ghost (journeyman GnAM)
 31100 | Lair:6   | Entered Level 6 of the Lair of Beasts
 32163 | Lair:6   | Reached skill level 14 in Spellcasting
 33326 | Lair:6   | Offered knowledge of Bolt of Magma by Vehumet.
 33933 | Lair:6   | Upgraded the game from 0.22-a0-799-g88f5e90 to 0.22-a0-803-gd6d8abe
 34283 | Orc:1    | Entered Level 1 of the Orcish Mines
 34892 | Orc:1    | Learned a level 5 spell: Bolt of Magma
 34943 | Orc:2    | Entered Level 2 of the Orcish Mines
 35016 | Orc:2    | Found a staircase to the Elven Halls.
 35776 | Orc:2    | Noticed Saint Roka
 35957 | Orc:2    | Mangled by Saint Roka

Vault maps used:
D:1:      roderic_octagonal_star
D:2:      nicolae_overflow_crystal_walls, vehumet_crystals
D:3:      grunt_temple_overflow_open
D:4:      portal_sewer_entry_a, first_ration, kennysheep_dice, uniq_sigmund,
          uniq_duvessa
D:5:      temple_pool_b, minmay_door_square, grunt_ministairs_9, minivault_25,
          uniq_menkaure, uniq_ijyb, uniq_eustachio
D:7:      elyvilon_altar_3, uniq_crazy_yiuf_cottage
D:8:      serial_shops, kennysheep_mini, hangedman_ranch
D:9:      lemuel_castle_with_subvaults, dpeg_lair_monsters, basic_altar,
          serial_shops, shop
D:10:     cheibrodos_ideogram_h, serial_glass, glass_columns_b, glass_columns_a,
          serial_shops, shop, shop_statue, nicolae_shop_stone,
          nicolae_shop_waterfront, uniq_psyche
D:11:     orc_0_dummy, hangedman_decor_growths, kennysheep_generic_room_5
D:12:     uniq_sonja
Lair:2:   minmay_swamp_entry_wisps, portal_ice_cave_entry_pillars_2,
          grunt_megastairs_5, infiniplex_staircase_pool, serial_bayou_shore_b,
          uniq_nergalle
Lair:3:   uniq_gastronok
Lair:4:   guppyfry_snake_entry_island, basic_altar, uniq_harold
Lair:5:   dpeg_slime_entry_enclosed_altar, ebering_ghost_disaster_area,
          cheibrodos_lair_reptile_den, lemuel_fruit_tree
Lair:6:   due_jungle_book
Orc:1:    nooodl_orcs_dogs
Orc:2:    grunt_orc_cross, serial_shops, shop
Sewer:    sewer_frog_island_01

Skill      XL: |  1  2  3  4  5  6  7  8  9 10 11 12 13 14 |
---------------+-------------------------------------------+-----
Dodging        | 2 3 4 5 6 7 8 9 |  9.1
Stealth        | 2 3 4 5 6 7 8 9 |  9.7
Spellcasting   | 3 4 5 7 8 9 11 12 13 14 | 14.4
Fire Magic     | 4 5 6 8 9 10 11 12 13 | 13.6
Conjurations   | 2 3 5 6 8 9 10 12 13 | 13.1
Hexes          | 3 |  3.5

Action                   |  1- 3 |  4- 6 |  7- 9 | 10-12 | 13-15 || total
-------------------------+-------+-------+-------+-------+-------++-------
Melee: Dagger            |    43 |    25 |     4 |       |       ||    72
       Tailslap          |     4 |     6 |     4 |     2 |    33 ||    49
       Lajatang          |       |    13 |    26 |    35 |    68 ||   142
       Staff             |       |       |     3 |    23 |   100 ||   126
 Cast: Flame Tongue      |    37 |    51 |   163 |   355 |   300 ||   906
       Throw Flame       |    22 |    14 |   110 |    65 |    18 ||   229
       Conjure Flame     |       |     4 |    12 |    22 |    46 ||    84
       Magic Dart        |       |       |    23 |     2 |    11 ||    36
       Sticky Flame      |       |       |     4 |    42 |    88 ||   134
       Fireball          |       |       |     3 |    71 |   159 ||   233
       Confusing Touch   |       |       |       |     2 |       ||     2
       Throw Frost       |       |       |       |     8 |     7 ||    15
       Bolt of Fire      |       |       |       |     9 |    41 ||    50
       Confuse           |       |       |       |       |     5 ||     5
       Bolt of Magma     |       |       |       |       |     2 ||     2
 Abil: Fly               |       |       |       |       |     1 ||     1
Evoke: Wand              |       |       |       |     2 |     9 ||    11
  Use: Potion            |     1 |     9 |     1 |     5 |    15 ||    31
       Scroll            |       |     5 |     9 |     4 |     9 ||    27
  Eat: Chunk             |     8 |     1 |     9 |    10 |    27 ||    55
       Ration            |     3 |     1 |     4 |    10 |    12 ||    30
Armor: Skin              |    10 |    27 |    18 |    42 |   101 ||   198
Dodge: Dodged            |    43 |    81 |    59 |   177 |   249 ||   609
Block: Other             |       |       |       |     1 |    21 ||    22

Table legend:
 A = Spawn XP
 B = Non-spawn XP
 C = Spawn XP percentage of total XP
 D = Spawn monster count
 E = Non-spawn monster count
 F = Spawn count percentage of total count
 G = Total turns spent on level
                    A         B        C        D         E        F      G
               +---------+---------+-------+---------+---------+-------+---------
         Total |       0 |  102777 |   0.0 |       0 |     625 |   0.0 | 35957
               +---------+---------+-------+---------+---------+-------+---------
           D:1 |       0 |      30 |   0.0 |       0 |      18 |   0.0 |  2121
           D:2 |       0 |      12 |   0.0 |       0 |       8 |   0.0 |   616
           D:3 |       0 |      42 |   0.0 |       0 |      11 |   0.0 |  1551
           D:4 |       0 |     784 |   0.0 |       0 |      32 |   0.0 |  2260
           D:5 |       0 |    1091 |   0.0 |       0 |      27 |   0.0 |  2051
           D:6 |       0 |    1058 |   0.0 |       0 |      16 |   0.0 |  1623
           D:7 |       0 |     815 |   0.0 |       0 |      19 |   0.0 |  1306
           D:8 |       0 |    3969 |   0.0 |       0 |      22 |   0.0 |  1459
           D:9 |       0 |   10280 |   0.0 |       0 |      92 |   0.0 |  3489
          D:10 |       0 |    7923 |   0.0 |       0 |      45 |   0.0 |  2027
          D:11 |       0 |    4805 |   0.0 |       0 |      21 |   0.0 |  1466
          D:12 |       0 |    8531 |   0.0 |       0 |      42 |   0.0 |  1912
        Lair:1 |       0 |    3482 |   0.0 |       0 |      13 |   0.0 |  1175
        Lair:2 |       0 |    4940 |   0.0 |       0 |      19 |   0.0 |  1730
        Lair:3 |       0 |    8042 |   0.0 |       0 |      31 |   0.0 |  1415
        Lair:4 |       0 |    9778 |   0.0 |       0 |      27 |   0.0 |  1358
        Lair:5 |       0 |    9172 |   0.0 |       0 |      33 |   0.0 |  1993
        Lair:6 |       0 |   17306 |   0.0 |       0 |      51 |   0.0 |  2833
         Orc:1 |       0 |    2231 |   0.0 |       0 |      25 |   0.0 |   660
         Orc:2 |       0 |    8244 |   0.0 |       0 |      54 |   0.0 |  1014
         Sewer |       0 |     242 |   0.0 |       0 |      19 |   0.0 |  1898
               +---------+---------+-------+---------+---------+-------+---------
